 Dungeon Crawl Stone Soup version 0.25-a0-290-g4a1327ee3a (webtiles) character file.

Game seed: 10276063809279375370, levelgen mode: deterministic

10026 Ge0ff the Basher (level 11, -3/67 HPs)
             Began as a Kobold Gladiator on Dec 13, 2019.
             Was a Believer of Yredelemnul.
             Slain by Harold
             ... wielding a +0 battleaxe
              (22 damage)
             ... on level 10 of the Dungeon.
             The game lasted 01:13:15 (19419 turns).

Ge0ff the Basher (Kobold Gladiator)                Turns: 19419, Time: 01:13:16

Health: -3/67      AC: 11    Str: 15    XL:     11   Next: 85%
Magic:  1/16       EV:  8    Int: 10    God:    Yredelemnul [**....]
Gold:   489        SH:  0    Dex: 16    Spells: 9/16 levels left

rFire    . . .     SeeInvis .   a - +1 flail (crush)
rCold    . . .     Gourm    .   (shield restricted)
rNeg     . . .     Faith    .   Y - +0 scale mail
rPois    .         Spirit   .   D - +0 helmet
rElec    .         Reflect  .   P - +0 cloak
rCorr    .         Harm     .   N - +0 pair of gloves
MR       .....                  Q - +0 pair of boots
Stlth    ++........             (no amulet)
HPRegen  0.21/turn              (no ring)
MPRegen  0.15/turn              (no ring)

@: about to teleport, slightly contaminated, held
A: small, carnivore
a: Animate Remains, Recall Undead Slaves, Injury Mirror, Renounce Religion


You were on level 10 of the Dungeon.
You worshipped Yredelemnul.
Yredelemnul was pleased with you.
You were full.

You visited 2 branches of the dungeon, and saw 11 of its levels.
You also visited: Sewer.

You collected 489 gold pieces.

Inventory:

Hand Weapons
 a - a +1 flail of crushing (weapon)
Missiles
 d - 2 throwing nets {=f}
 G - 296 stones (quivered)
 O - 216 arrows
 W - 19 poisoned darts
Armour
 D - a +0 helmet (worn)
 H - a +0 chain mail
 J - a +0 plate armour
 M - a +0 troll leather armour
 N - a +0 pair of gloves (worn)
 P - a +0 cloak (worn)
 Q - a +0 pair of boots (worn)
 S - a +0 leather armour of fire resistance
 Y - a +0 scale mail (worn)
Wands
 f - a wand of flame (7)
Scrolls
 m - 4 scrolls of magic mapping
 u - 2 scrolls of enchant weapon
 y - 3 scrolls of amnesia
 C - 3 scrolls of remove curse
 T - 3 scrolls of teleportation
Potions
 o - 6 potions of ambrosia
 q - a potion of curing
 z - 2 potions of brilliance
 K - a potion of magic {!q}
 R - 2 potions of resistance
 U - a potion of haste {unknown}
 V - a potion of mutation {unknown}
 X - 4 potions of flight
 Z - a potion of berserk rage {!q}
Comestibles
 r - 25 rations


   Skills:
 + Level 7.4 Fighting
 * Level 10.0 Maces & Flails
 - Level 4.0 Throwing
 - Level 3.0 Armour
 + Level 7.5 Dodging
 - Level 7.0 Stealth
 - Level 3.0 Spellcasting
 * Level 3.9 Transmutations
 + Level 4.9 Invocations
 + Level 7.5 Evocations


You had 9 spell levels left.
You knew the following spells:

 Your Spells              Type           Power        Failure   Level  Hunger
c - Blink                 Tloc           N/A          85%         2    ###....
g - Apportation           Tloc           #.....       71%         1    #......
s - Sticks to Snakes      Tmut           #.......     32%         2    ###....
t - Confusing Touch       Hex            #.....       71%         1    #......
z - Animate Skeleton      Necr           N/A          71%         1    #......

Your spell library contained the following spells:

 Spells                   Type           Power        Failure   Level  Hunger
 Beastly Appendage        Tmut           #.....       22%         1    #......
 Magic Dart               Conj           #...         71%         1    #......
 Summon Small Mammal      Summ           #...         71%         1    #......
 Spider Form              Tmut/Pois      #.........   82%         3    ###....
 Call Imp                 Summ           #.......     85%         2    ###....
 Slow                     Hex            #.......     85%         2    ###....
 Call Canine Familiar     Summ           #.......     97%         3    ###....
 Conjure Flame            Conj/Fire      #.......     97%         3    ###....
 Mephitic Cloud           Conj/Pois/Air  #.......     97%         3    ###....
 Summon Guardian Golem    Hex/Summ       #.......     97%         3    ###....
 Ice Form                 Ice/Tmut       #.......     99%         4    #####..
 Blade Hands              Tmut           #.........   99%         5    ######.
 Summon Ice Beast         Ice/Summ       #.......     100%        4    #####..
 Summon Lightning Spire   Summ/Air       #.......     100%        4    #####..


Dungeon Overview and Level Annotations

Branches:
Dungeon (10/15)            Temple (1/1) D:4           Sewer (visited)
   Lair: D:8-11         Orc: D:9-12

Altars:
Ashenzari
Cheibriados
Dithmenos
Elyvilon
Fedhas
Gozag
Hepliaklqana
Kikubaaqudgha
Makhleb
Nemelex Xobeh
Okawaru
Qazlal
Ru
Sif Muna
Trog
Uskayaw
Vehumet
Wu Jian
Xom
Yredelemnul
Zin
The Shining One

Annotations:
D:2 Natasha
D:3 Jessica
D:5 Prince Ribbit
D:10 Erica, Harold


Innate Abilities, Weirdness & Mutations

You are small and have problems with some larger weapons.
You are carnivorous and can eat meat at any time.


Message History

You miscast Blink.
You feel a wrenching sensation. Harold hits you with a +0 battleaxe!!
* * * LOW HITPOINT WARNING * * *
Okay, then.
Casting: Blink (slightly dangerous; 85% risk of failure)
Confirm with . or Enter, or press ? or * to list all spells.
You miscast Blink.
You spin around.
Okay, then.
As you read the scroll of teleportation, it crumbles to dust.
You feel strangely unstable. Harold hits you with a +0 battleaxe.
* * * LOW HITPOINT WARNING * * *
Harold hits Josephine with a +0 battleaxe!
Josephine hits Harold with a +0 dagger {don't use}.
Casting: Blink (slightly dangerous; 85% risk of failure)
Confirm with . or Enter, or press ? or * to list all spells.
You miscast Blink.
You are lightly contaminated with residual magic.
Nothing appears to happen.
Harold hits you with a +0 battleaxe!!
You die...
Your body rises from the dead as a mindless zombie.

#####.#####...###......).........
#.# #...# ######.##........ #.#
#...# #.##.###[..>
#####.#####.@.########.##.###....
#................................
#####.#####...#........########..
#.# #............# #.. #.#
#.##########.# #.# #.#
#...Z@@..(...# #.# #.#
#.############ #.# ### #.# ###
#.# #.# #.# #.# ###


You could see Harold and the friendly Josephine the human skeleton.

Vanquished Creatures
  Josephine (D:10)
  2 two-headed ogres
  The ghost of floatRand the Chopper, a novice DsGl of Qazlal (D:6)
  A cyclops (D:9)
  Maurice (D:9)
  2 hornets
  A troll (D:9)
  11 yaks
  2 wraiths (D:10)
  Duvessa (D:5)
  2 water moccasins
  2 ice beasts
  2 orc warriors
  3 black bears
  5 ogres
  5 centaurs
  2 phantoms
  A wolf (D:10)
  2 bullfrogs (D:8)
  Dowan (D:5)
  A wyvern skeleton (D:10)
  2 scorpions
  A water moccasin skeleton (D:9)
  12 killer bees
  An electric eel (D:10)
  4 crimson imps
  A centaur zombie (D:5)
  6 orc wizards
  A gnoll shaman (D:7)
  4 orc priests
  A bullfrog skeleton (D:5)
  3 hounds
  5 jellies
  A centaur skeleton (D:8)
  An iguana (D:4)
  A merfolk siren (Sewer)
  2 worker ants
  A merfolk avatar (Sewer)
  A hound skeleton (D:6)
  2 worker ant zombies
  16 gnolls
  A howler monkey skeleton (D:7)
  3 river rats
  19 adders
  4 shadow imps
  3 adder skeletons
  2 adder zombies (D:5)
  A worm (D:3)
  4 dart slugs
  8 leopard geckos
  27 orcs
  11 ball pythons
  6 giant cockroaches
  4 goblins
  4 hobgoblins (D:2)
  9 jackals
  7 quokkas
  7 bats
  10 frilled lizards
  5 kobolds
  A leopard gecko skeleton (D:5)
  27 rats
  A spectral orc (D:6)
279 creatures vanquished.

Vanquished Creatures (collateral kills)
  2 killer bees
2 creatures vanquished.

Vanquished Creatures (others)
  A water moccasin zombie (D:9)
  A yak skeleton (D:9)
  A troll skeleton (D:9)
  A black bear zombie (D:9)
  A centaur skeleton (D:8)
  4 killer bee zombies
  An ogre zombie (D:9)
  A hound zombie (D:10)
  A hound skeleton (D:9)
  A scorpion zombie (D:8)
  An orc skeleton (D:9)
  An orc zombie (D:9)
15 creatures vanquished.

Grand Total: 296 creatures vanquished

Notes
Turn   | Place    | Note
-------+----------+-------------------------------------------
     0 | D:1      | Ge0ff the Kobold Gladiator began the quest for the Orb.
     0 | D:1      | Reached XP level 1. HP: 12/12 MP: 1/1
   173 | D:1      | Reached skill level 1 in Stealth
   466 | D:1      | Reached XP level 2. HP: 15/17 MP: 2/2
   591 | D:1      | Reached skill level 3 in Maces & Flails
  1276 | D:1      | Reached XP level 3. HP: 19/21 MP: 3/3
  1804 | D:2      | Noticed Natasha
  2423 | D:2      | Reached XP level 4. HP: 27/27 MP: 4/4
  2517 | D:2      | Reached skill level 1 in Armour
  2890 | D:2      | Found a shimmering blue altar of Sif Muna.
  3206 | D:3      | Learned a level 1 spell: Apportation
  3208 | D:3      | Learned a level 1 spell: Animate Skeleton
  3210 | D:3      | Learned a level 1 spell: Confusing Touch
  3482 | D:3      | Reached XP level 5. HP: 32/32 MP: 5/5
  3778 | D:3      | Reached skill level 4 in Maces & Flails
  3780 | D:3      | Reached skill level 1 in Evocations
  4155 | D:3      | Found a sparkling altar of Nemelex Xobeh.
  4155 | D:3      | Noticed Jessica
  4191 | D:3      | Found a radiant altar of Vehumet.
  4192 | D:3      | Found a burning altar of Makhleb.
  4228 | D:3      | Reached XP level 6. HP: 24/37 MP: 5/7
  4582 | D:4      | Found a staircase to the Ecumenical Temple.
  4610 | Temple   | Entered the Ecumenical Temple
  4913 | D:4      | Noticed an ogre
  5051 | D:5      | Entered Level 5 of the Dungeon
  5345 | D:5      | Noticed Duvessa
  5798 | D:5      | Found a stormy altar of Qazlal.
  5884 | D:5      | Reached XP level 7. HP: 41/41 MP: 8/8
  5940 | D:5      | Reached skill level 5 in Maces & Flails
  6659 | D:5      | Noticed Dowan
  6712 | D:5      | Killed Duvessa
  6720 | D:5      | Killed Dowan
  7282 | D:6      | Found a stormy altar of Qazlal.
  7286 | D:6      | Found a hazy altar of Hepliaklqana.
  7289 | D:6      | Found a sparkling altar of Nemelex Xobeh.
  7292 | D:6      | Found a blossoming altar of Fedhas.
  7306 | D:6      | Noticed Prince Ribbit
  7526 | D:6      | Reached XP level 8. HP: 36/48 MP: 10/10
  7552 | D:6      | Found an iron altar of Okawaru.
  7553 | D:6      | Found a bloodstained altar of Trog.
  7582 | D:6      | Found an ancient bone altar of Kikubaaqudgha.
  7705 | D:6      | Found a glowing drain.
  7730 | Sewer    | Entered a sewer
  7836 | Sewer    | Reached skill level 5 in Dodging
  7945 | Sewer    | Reached skill level 6 in Maces & Flails
  9172 | D:6      | Reached skill level 5 in Fighting
  9370 | D:6      | Reached XP level 9. HP: 35/54 MP: 12/12
  9410 | D:6      | Reached skill level 7 in Maces & Flails
  9649 | D:6      | Found a basalt altar of Yredelemnul.
  9666 | D:6      | Became a worshipper of Yredelemnul the Dark
 10105 | D:6      | Found a runed translucent door.
 10109 | D:6      | Noticed floatRand's ghost (novice DsGl)
 10112 | D:6      | Found a snail-covered altar of Cheibriados.
 10782 | D:7      | Reached skill level 5 in Evocations
 10891 | D:7      | Found a bloodstained altar of Trog.
 10897 | D:7      | Found an ornate altar of the Wu Jian Council.
 11466 | D:8      | Reached skill level 1 in Invocations
 11547 | D:8      | Noticed a two-headed ogre
 11558 | D:8      | Killed a two-headed ogre
 11558 | D:8      | Reached skill level 8 in Maces & Flails
 11558 | D:8      | Reached skill level 5 in Stealth
 11558 | D:8      | Reached XP level 10. HP: 38/60 MP: 12/14
 11684 | D:8      | Reached * piety under Yredelemnul
 13057 | D:9      | Noticed Maurice
 13201 | D:9      | Noticed a cyclops
 13208 | D:9      | Killed a cyclops
 13208 | D:9      | Reached ** piety under Yredelemnul
 13464 | D:9      | Reached skill level 9 in Maces & Flails
 13931 | D:9      | Reached XP level 11. HP: 44/66 MP: 16/16
 14229 | D:8      | Learned a level 2 spell: Sticks to Snakes
 14871 | D:6      | Killed floatRand's ghost
 14871 | D:6      | Reached skill level 1 in Spellcasting
 14871 | D:6      | Reached skill level 1 in Transmutations
 15263 | D:9      | Noticed a two-headed ogre
 15268 | D:9      | Killed a two-headed ogre
 15436 | D:9      | Learned a level 2 spell: Blink
 15902 | D:10     | Entered Level 10 of the Dungeon
 15991 | D:10     | Noticed Erica
 17842 | D:10     | Noticed Josephine
 18825 | D:9      | Killed Maurice
 19337 | D:10     | Killed Josephine
 19364 | D:10     | Reached skill level 10 in Maces & Flails
 19401 | D:10     | Noticed Harold
 19419 | D:10     | Slain by Harold

Levels and vault maps discovered:
D:1:      wander_arrival_chamber, layout_basic
D:2:      layout_basic, led_sif_pool, uniq_natasha
D:3:      layout_loops_ring, grunt_temple_overflow_lords_of_destruction,
          nemelex_lonely_heart_becter
D:4:      layout_basic, minmay_temple_entry_hall, first_ration
D:5:      layout_loops_corners, chequers_serial_rivers_small_a,
          grunt_qazlal_sundering, uniq_duvessa
D:6:      layout_loops_cross, grunt_temple_overflow_bloody_war,
          kennysheep_mini_moat, overflow_temple_1_default,
          yredelemnul_forgotten_temple_becter, grunt_temple_overflow_cloverleaf,
          ebering_ghost_reflecting_pool, portal_sewer_entry_e,
          serial_park_tiny_2, hangedman_decor_growths, uniq_prince_ribbit1
D:7:      layout_basic, overflow_temple_1_default, grunt_ministairs_7,
          grunt_ogre_cave, trog_three_pillars_becter
D:8:      layout_rooms
D:9:      layout_loops_ring, uniq_maurice
D:10:     layout_basic, erik_lair_island, uniq_snorg, uniq_erica,
          uniq_josephine, uniq_harold
Temple:   nicolae_temple_figure_zero

Skill      XL: |  1  2  3  4  5  6  7  8  9 10 11 |
---------------+----------------------------------+-----
Stealth        | 1 2 5 6 7 |  7.0
Maces & Flails | 3 4 5 6 8 9 10 | 10.0
Armour         | 1 2 3 |  3.0
Dodging        | 4 5 6 7 |  7.5
Fighting       | 3 4 5 6 7 |  7.4
Evocations     | 1 2 3 4 5 6 7 |  7.5
Throwing       | 3 4 |  4.0
Invocations    | 2 3 4 |  4.9
Spellcasting   | 3 |  3.0
Transmutations | 3 |  3.9

Action                   |  1- 3 |  4- 6 |  7- 9 | 10-12 || total
-------------------------+-------+-------+-------+-------++-------
Melee: Flail             |    88 |   195 |   374 |   362 ||  1019
Throw: Stone             |    20 |   198 |   252 |   105 ||   575
       Throwing net      |     2 |     3 |     1 |     3 ||     9
       Dart              |       |       |    10 |    57 ||    67
 Cast: Blink             |       |       |       |     4 ||     4
Invok: Animate Remains   |       |       |       |    17 ||    17
       Injury Mirror     |       |       |       |     1 ||     1
Evoke: Wand              |       |       |    26 |    62 ||    88
  Use: Scroll            |     1 |     6 |     7 |    10 ||    24
       Potion            |       |       |       |     8 ||     8
 Stab: Sleeping          |     1 |       |     2 |       ||     3
       Paralysed         |       |       |    14 |     4 ||    18
       Invisible         |       |       |       |     4 ||     4
       Held in net/web   |       |       |       |     3 ||     3
  Eat: Chunk             |    13 |    11 |    19 |    25 ||    68
       Ration            |       |       |       |     1 ||     1
Armor: Leather armour    |    11 |       |       |       ||    11
       Ring mail         |    11 |    61 |    76 |    15 ||   163
       Scale mail        |       |       |       |    79 ||    79
       Skin              |       |       |       |     9 ||     9
Dodge: Dodged            |    62 |   189 |   274 |   288 ||   813

Table legend:
 A = Non-vault XP
 B = Vault XP
 C = Vault XP percentage of total XP
 D = Non-vault monster count
 E = Vault monster count
 F = Vault count percentage of total count
                 A         B        C        D         E       F
            +---------+---------+-------+---------+---------+-------
      Total |   10746 |    3577 |  25.0 |     220 |      61 |  21.7
            +---------+---------+-------+---------+---------+-------
        D:1 |      30 |       0 |   0.0 |      15 |       0 |   0.0
        D:2 |     100 |       0 |   0.0 |      25 |       0 |   0.0
        D:3 |     103 |      50 |  32.7 |      25 |       1 |   3.8
        D:4 |     265 |       0 |   0.0 |      10 |       0 |   0.0
        D:5 |     412 |     238 |  36.6 |      22 |       2 |   8.3
        D:6 |    1020 |     582 |  36.3 |      27 |      11 |  28.9
        D:7 |     639 |     153 |  19.3 |      22 |       2 |   8.3
        D:8 |    3405 |       0 |   0.0 |      34 |       0 |   0.0
        D:9 |    3912 |     729 |  15.7 |      30 |       3 |   9.1
       D:10 |     860 |    1630 |  65.5 |      10 |       5 |  33.3
      Sewer |       0 |     195 | 100.0 |       0 |      37 | 100.0
            +---------+---------+-------+---------+---------+-------
